| TOP OF THE 1ST |
|
Helena Brewers batting - Pitching for Bristol Pirates : RHP George Sechler
|
|
Pitching: RHP George Sechler
|
|
|
Batting: RHB Nick Cummings
|
0-0: DOUBLE (Flyball, 8RXD, EV 101.2 MPH)
|
|
Batting: RHB Josh Nelson
|
0-0: Foul Ball, location: 2F 0-1: Ball 1-1: Ball 2-1: Ball 3-1: Called Strike 3-2: Foul Ball, location: 2F 3-2: Foul Ball, location: 2F 3-2: Base on Balls
|
|
Batting: LHB Pablo Cardona
|
0-0: Ball 1-0: Ball 2-0: Ball 3-0: Base on Balls Nick Cummings to third Josh Nelson to second
|
|
Batting: RHB Juan Villanueva
|
0-0: Ball 1-0: SINGLE (Groundball, 56D, EV 96.2 MPH) Nick Cummings scores Josh Nelson to third Pablo Cardona to second
|
|
Batting: SHB Ramon Perez
|
0-0: Ball 1-0: Foul Ball, location: 2F 1-1: Swinging Strike 1-2: Foul Ball, location: 2F 1-2: Hit by Pitch Josh Nelson scores Pablo Cardona to third Juan Villanueva to second
|
|
Pitching: LHP Norm Silveira-Wray
|
|
|
Batting: LHB Umar Matoub
|
0-0: Foul Ball, location: 2F 0-1: Ball 1-1: SINGLE (Groundball, 4MD, EV 106.9 MPH) Pablo Cardona scores Juan Villanueva to third Ramon Perez to second
|
|
Batting: SHB Sam Bingham
|
0-0: Called Strike 0-1: Ball 1-1: Ball 2-1: Ball 3-1: Called Strike 3-2: Base on Balls Juan Villanueva scores Ramon Perez to third Umar Matoub to second
|
|
Batting: RHB Cameron Rattenbury
|
0-0: Ball 1-0: DOUBLE (Flyball, 8LXD, EV 103.1 MPH) Ramon Perez scores Umar Matoub scores Sam Bingham to third
|
|
Batting: RHB Chris Fruit
|
0-0: Ball 1-0: Foul Ball, location: 2F 1-1: Foul Ball, location: 2F 1-2: Ball 2-2: Ball 3-2: Foul Ball, location: 2F 3-2: Base on Balls
|
|
Batting: RHB Nick Cummings
|
0-0: Called Strike 0-1: Swinging Strike 0-2: Ball 1-2: Ball 2-2: Strikes out looking
|
|
Batting: RHB Josh Nelson
|
0-0: Ball 1-0: SINGLE (Groundball, 34D, EV 101.9 MPH) Sam Bingham scores Cameron Rattenbury to third Chris Fruit to second Runner from 3rd tries for Home, SAFE, throw by RF to home
|
|
Batting: LHB Pablo Cardona
|
0-0: Foul Ball, location: 2F 0-1: Ball 1-1: DOUBLE (Line Drive, 78D, EV 105.6 MPH) Chris Fruit scores Josh Nelson to third
|
|
Batting: RHB Juan Villanueva
|
0-0: Ball 1-0: Called Strike 1-1: Ball 2-1: Ball 3-1: Base on Balls
|
|
Batting: SHB Ramon Perez
|
0-0: Foul Ball, location: 2F 0-1: Called Strike 0-2: Ball 1-2: Ball 2-2: Ball 3-2: SINGLE (Flyball, 89S, EV 92.5 MPH) Josh Nelson scores Pablo Cardona to third Juan Villanueva to second Runner from 3rd tries for Home, throw by RF and OUT! 9-2
|
|
Pitching: RHP Randy Bergman
|
|
|
Batting: LHB Umar Matoub
|
0-0: Ball 1-0: Called Strike 1-1: Ball 2-1: Ball 3-1: Called Strike 3-2: Base on Balls Juan Villanueva to third Ramon Perez to second
|
|
Batting: SHB Sam Bingham
|
0-0: Ball 1-0: DOUBLE (Line Drive, 89D, EV 103.8 MPH) Juan Villanueva scores Ramon Perez scores Umar Matoub to third
|
|
Batting: RHB Cameron Rattenbury
|
0-0: Ball 1-0: Ball Wild Pitch! Umar Matoub scores Sam Bingham to third 2-0: TRIPLE (Flyball, 7D, EV 108.1 MPH) Sam Bingham scores
|
|
Batting: RHB Chris Fruit
|
0-0: Ball 1-0: Called Strike 1-1: Foul Ball, location: 2F 1-2: Strikes out swinging
|
| Top of the 1st over - 14 runs, 9 hits, 0 errors, 1 left on base; Helena 14 - Bristol 0 |
| BOTTOM OF THE 1ST |
|
Bristol Pirates batting - Pitching for Helena Brewers : LHP Sam Glaser
|
|
Pitching: LHP Sam Glaser
|
|
|
Batting: RHB Perry Dominey
|
0-0: Ball 1-0: Foul Ball, location: 2F 1-1: Swinging Strike 1-2: Foul Ball, location: 2F 1-2: Strikes out swinging
|
|
Batting: RHB Pete Hutton
|
0-0: Foul Ball, location: 2F 0-1: Ball 1-1: Called Strike 1-2: Strikes out swinging, 2-3 out at first.
|
|
Batting: RHB Jaime Dubicki
|
0-0: Ball 1-0: Foul Ball, location: 2F 1-1: Ball 2-1: Fly out, F3 (Popup, 3SF, EV 86.2 MPH)
|
| Bottom of the 1st over - 0 runs, 0 hits, 0 errors, 0 left on base; Helena 14 - Bristol 0 |
| TOP OF THE 2ND |
|
Helena Brewers batting - Pitching for Bristol Pirates : RHP Randy Bergman
|
|
Batting: RHB Nick Cummings
|
0-0: Ball 1-0: Swinging Strike 1-1: Ball 2-1: Ball 3-1: Base on Balls
|
|
Pitching: RHP Joe Simanton
|
|
|
Batting: RHB Josh Nelson
|
0-0: Foul Ball, location: 2F 0-1: SINGLE (Flyball, 89S, EV 82.5 MPH) Nick Cummings to second
|
|
Batting: LHB Pablo Cardona
|
0-0: Ball 1-0: Ball 2-0: SINGLE (Line Drive, 9S, EV 105.6 MPH) Nick Cummings to third Josh Nelson to second
|
|
Batting: RHB Juan Villanueva
|
0-0: Ball 1-0: Ball 2-0: DOUBLE (Groundball, 5L, EV 100.6 MPH) Nick Cummings scores Josh Nelson scores Pablo Cardona to third
|
|
Batting: SHB Ramon Perez
|
0-0: Called Strike 0-1: Ball 1-1: Ball 2-1: Ball 3-1: Ground out 6-3 (Groundball, 6, EV 88.1 MPH) Pablo Cardona scores
|
|
Batting: LHB Umar Matoub
|
0-0: Ball 1-0: Foul Ball, location: 2F 1-1: Foul Ball, location: 2F 1-2: Ball 2-2: Ball 3-2: Fly out, F9 (Flyball, 89D, EV 103.1 MPH)
|
|
Pitching: LHP Hujime Ishida
|
|
|
Batting: SHB Sam Bingham
|
0-0: Called Strike 0-1: Called Strike 0-2: Foul Ball, location: 2F 0-2: Strikes out swinging
|
| Top of the 2nd over - 3 runs, 3 hits, 0 errors, 1 left on base; Helena 17 - Bristol 0 |
| BOTTOM OF THE 2ND |
|
Bristol Pirates batting - Pitching for Helena Brewers : LHP Sam Glaser
|
|
Batting: LHB Joe Wise
|
0-0: Ball 1-0: Ball 2-0: Called Strike 2-1: Ball 3-1: Swinging Strike 3-2: Strikes out swinging
|
|
Batting: LHB Ruben Garza
|
0-0: Ball 1-0: Foul Ball, location: 2F 1-1: Foul Ball, location: 2F 1-2: Foul Ball, location: 2F 1-2: Foul Ball, location: 2F 1-2: Ground out U3 (Groundball, 3, EV 82.5 MPH)
|
|
Batting: RHB Andrew DeRicco
|
0-0: Ball 1-0: Called Strike 1-1: Ball 2-1: Ball 3-1: Base on Balls
|
|
Batting: RHB Rob Colley
|
0-0: Foul Ball, location: 2F 0-1: SINGLE (Groundball, 6D, EV 95.0 MPH) Andrew DeRicco to second
|
|
Batting: LHB Tomohiro Yokoyama
|
0-0: Called Strike 0-1: Ball 1-1: Ball 2-1: Ball 3-1: Base on Balls Andrew DeRicco to third Rob Colley to second
|
|
Batting: RHB Gilberto Victoria
|
0-0: Ball Wild Pitch! Andrew DeRicco scores Rob Colley to third Tomohiro Yokoyama to second 1-0: Foul Ball, location: 2F 1-1: Foul Ball, location: 2F 1-2: Ball 2-2: Foul Ball, location: 2F 2-2: Foul Ball, location: 2F 2-2: Foul Ball, location: 2F 2-2: Ball 3-2: Base on Balls
|
|
Batting: RHB Perry Dominey
|
0-0: Ball 1-0: Ball 2-0: Ball 3-0: Base on Balls Rob Colley scores Tomohiro Yokoyama to third Gilberto Victoria to second
|
|
Batting: RHB Pete Hutton
|
0-0: Ball 1-0: Called Strike 1-1: Foul Ball, location: 2F 1-2: Ball Wild Pitch! Tomohiro Yokoyama scores Gilberto Victoria to third Perry Dominey to second 2-2: Foul Ball, location: 2F 2-2: Strikes out swinging
|
| Bottom of the 2nd over - 3 runs, 1 hit, 0 errors, 2 left on base; Helena 17 - Bristol 3 |
| TOP OF THE 3RD |
|
Helena Brewers batting - Pitching for Bristol Pirates : LHP Hujime Ishida
|
|
Batting: RHB Cameron Rattenbury
|
0-0: Hit by Pitch
|
|
Batting: RHB Chris Fruit
|
0-0: Ball 1-0: Called Strike 1-1: Ball 2-1: SINGLE (Line Drive, 9LS, EV 103.8 MPH) Cameron Rattenbury to second
|
|
Batting: RHB Nick Cummings
|
0-0: Called Strike 0-1: Ball 1-1: Ball 2-1: 3-RUN HOME RUN (Flyball, 7D, EV 94.4 MPH), Distance : 378 ft
|
|
Batting: RHB Josh Nelson
|
0-0: Ball 1-0: SINGLE (Groundball, 56D, EV 105.0 MPH)
|
|
Batting: LHB Pablo Cardona
|
0-0: Ball Wild Pitch! Josh Nelson to second 1-0: Foul Ball, location: 2F 1-1: Ball 2-1: Called Strike 2-2: Ball 3-2: Reached on error, E3 (Groundball, 13, EV 84.4 MPH) Josh Nelson to third
|
|
Batting: RHB Juan Villanueva
|
0-0: Ball 1-0: Ball 2-0: Ball 3-0: Base on Balls Pablo Cardona to second
|
|
Batting: SHB Ramon Perez
|
0-0: Called Strike 0-1: Called Strike 0-2: Ball 1-2: Ball 2-2: Ball 3-2: Foul Ball, location: 2F 3-2: Base on Balls Josh Nelson scores Pablo Cardona to third Juan Villanueva to second
|
|
Batting: LHB Umar Matoub
|
0-0: Ball 1-0: Called Strike 1-1: Fielders Choice at 2nd, 6-4 (Groundball, 6, EV 82.5 MPH) Pablo Cardona scores Juan Villanueva to third
|
|
Batting: SHB Sam Bingham
|
0-0: Ball 1-0: Ball 2-0: Called Strike 2-1: Foul Ball, location: 2F 2-2: DOUBLE (Flyball, 89D, EV 88.1 MPH) Juan Villanueva scores Umar Matoub to third Runner from 3rd tries for Home, SAFE, throw by CF to home
|
|
Batting: RHB Cameron Rattenbury
|
0-0: SINGLE (Groundball, 6S, EV 68.8 MPH) (infield hit) Sam Bingham to third
|
|
Batting: RHB Chris Fruit
|
0-0: Ball 1-0: Ball 2-0: Ball 3-0: Base on Balls Cameron Rattenbury to second
|
|
Batting: RHB Nick Cummings
|
0-0: GRAND SLAM HOME RUN (Flyball, 7LD, EV 95.6 MPH), Distance : 349 ft
|
|
Batting: RHB Josh Nelson
|
0-0: Called Strike 0-1: Ground out 5-3 (Groundball, 56S, EV 65.0 MPH)
|
|
Batting: LHB Pablo Cardona
|
0-0: Ball 1-0: Swinging Strike 1-1: SOLO HOME RUN (Flyball, 89XD, EV 98.8 MPH), Distance : 381 ft
|
|
Batting: RHB Juan Villanueva
|
0-0: SINGLE (Line Drive, 4D, EV 99.4 MPH)
|
|
Batting: SHB Ramon Perez
|
0-0: Called Strike 0-1: Foul Ball, location: 2F 0-2: Strikes out swinging
|
| Top of the 3rd over - 12 runs, 8 hits, 1 error, 1 left on base; Helena 29 - Bristol 3 |
| BOTTOM OF THE 3RD |
|
Bristol Pirates batting - Pitching for Helena Brewers : LHP Sam Glaser
|
|
Batting: RHB Jaime Dubicki
|
0-0: Called Strike 0-1: Ground out 5-3 (Groundball, 56, EV 86.9 MPH)
|
|
Batting: LHB Joe Wise
|
0-0: Ball 1-0: Ball 2-0: Ball 3-0: Called Strike 3-1: Base on Balls
|
|
Batting: LHB Ruben Garza
|
0-0: Called Strike 0-1: Swinging Strike 0-2: Strikes out swinging
|
|
Batting: RHB Andrew DeRicco
|
0-0: Ball 1-0: Called Strike 1-1: Foul Ball, location: 2F 1-2: Ball 2-2: Foul Ball, location: 2F 2-2: Ball Joe Wise steals 2nd base (no throw) 3-2: SINGLE (Groundball, 34D, EV 94.4 MPH) Joe Wise to third Runner from 3rd tries for Home, SAFE, throw by RF to home
|
|
Batting: RHB Rob Colley
|
0-0: Ball 1-0: Ball 2-0: Ball 3-0: Called Strike 3-1: Called Strike 3-2: Foul Ball, location: 2F 3-2: Strikes out swinging, 2-3 out at first.
|
| Bottom of the 3rd over - 1 run, 1 hit, 0 errors, 1 left on base; Helena 29 - Bristol 4 |
| TOP OF THE 4TH |
|
Helena Brewers batting - Pitching for Bristol Pirates : LHP Hujime Ishida
|
|
Batting: LHB Umar Matoub
|
0-0: Ball 1-0: Ball 2-0: Called Strike 2-1: Ball 3-1: Base on Balls
|
|
Batting: SHB Sam Bingham
|
0-0: Called Strike Pickoff Throw to First - Error! E1 Umar Matoub to second 0-1: Foul Ball, location: 2F 0-2: Ball 1-2: DOUBLE (Groundball, 5L, EV 106.2 MPH) Umar Matoub scores
|
|
Batting: RHB Cameron Rattenbury
|
0-0: Called Strike 0-1: Foul Ball, location: 2F 0-2: Ball 1-2: 2-RUN HOME RUN (Flyball, 78XD, EV 100.0 MPH), Distance : 398 ft
|
|
Batting: RHB Chris Fruit
|
0-0: Fly out, F9 (Flyball, 89M, EV 83.8 MPH)
|
|
Batting: RHB Nick Cummings
|
0-0: TRIPLE (Flyball, 9LD, EV 98.1 MPH)
|
|
Batting: RHB Josh Nelson
|
0-0: Foul Ball, location: 2F 0-1: Fly out, F9 (Flyball, 9S, EV 90.6 MPH)
|
|
Batting: LHB Pablo Cardona
|
0-0: Ball 1-0: Called Strike 1-1: Ball 2-1: Ball Passed Ball! Nick Cummings scores 3-1: Foul Ball, location: 2F 3-2: Strikes out swinging
|
| Top of the 4th over - 4 runs, 3 hits, 1 error, 0 left on base; Helena 33 - Bristol 4 |
| BOTTOM OF THE 4TH |
|
Bristol Pirates batting - Pitching for Helena Brewers : LHP Sam Glaser
|
|
Batting: LHB Tomohiro Yokoyama
|
0-0: Ball 1-0: Called Strike 1-1: Ball 2-1: Foul Ball, location: 2F 2-2: Ball 3-2: Strikes out swinging
|
|
Batting: RHB Gilberto Victoria
|
0-0: Ball 1-0: Ball 2-0: SINGLE (Groundball, 6D, EV 101.2 MPH)
|
|
Batting: RHB Perry Dominey
|
0-0: Called Strike 0-1: SINGLE (Line Drive, 56, EV 95.0 MPH) Gilberto Victoria to second
|
|
Batting: RHB Pete Hutton
|
0-0: Grounds into double play, 6-4-3 (Groundball, 6D, EV 105.0 MPH)
|
| Bottom of the 4th over - 0 runs, 2 hits, 0 errors, 1 left on base; Helena 33 - Bristol 4 |
| TOP OF THE 5TH |
|
Helena Brewers batting - Pitching for Bristol Pirates : LHP Hujime Ishida
|
|
Batting: RHB Juan Villanueva
|
0-0: Swinging Strike 0-1: Ground out 4-3 (Groundball, 4, EV 80.6 MPH)
|
|
Batting: SHB Ramon Perez
|
0-0: Fly out, F9 (Flyball, 9LS, EV 80.6 MPH)
|
|
Batting: LHB Umar Matoub
|
0-0: Fly out, F9 (Flyball, 9S, EV 80.0 MPH)
|
| Top of the 5th over - 0 runs, 0 hits, 0 errors, 0 left on base; Helena 33 - Bristol 4 |
| BOTTOM OF THE 5TH |
|
Bristol Pirates batting - Pitching for Helena Brewers : LHP Sam Glaser
|
|
Batting: RHB Jaime Dubicki
|
0-0: Ball 1-0: Ball 2-0: SINGLE (Groundball, 23, EV 64.4 MPH) (infield hit)
|
|
Batting: LHB Joe Wise
|
0-0: Ball 1-0: Foul Ball, location: 2F 1-1: Fielders Choice at 2nd, 4-6 (Groundball, 4S, EV 85.6 MPH)
|
|
Batting: LHB Ruben Garza
|
0-0: Ball 1-0: Ball 2-0: Called Strike 2-1: Ball 3-1: Foul Ball, location: 2F 3-2: Strikes out looking
|
|
Batting: RHB Andrew DeRicco
|
0-0: Foul Ball, location: 2F 0-1: Swinging Strike 0-2: Ball 1-2: Foul Ball, location: 2F 1-2: Ball 2-2: Foul Ball, location: 2F 2-2: Ball 3-2: Strikes out swinging
|
| Bottom of the 5th over - 0 runs, 1 hit, 0 errors, 1 left on base; Helena 33 - Bristol 4 |
| TOP OF THE 6TH |
|
Helena Brewers batting - Pitching for Bristol Pirates : LHP Hujime Ishida
|
|
Batting: SHB Sam Bingham
|
0-0: Foul Ball, location: 2F 0-1: Ground out 6-3 (Groundball, 56, EV 80.6 MPH)
|
|
Batting: RHB Cameron Rattenbury
|
0-0: Called Strike 0-1: Ball 1-1: Swinging Strike 1-2: Strikes out swinging
|
|
Batting: RHB Chris Fruit
|
0-0: Ground out 5-3 (Groundball, 56, EV 104.4 MPH)
|
| Top of the 6th over - 0 runs, 0 hits, 0 errors, 0 left on base; Helena 33 - Bristol 4 |
| BOTTOM OF THE 6TH |
|
Bristol Pirates batting - Pitching for Helena Brewers : LHP Sam Glaser
|
|
Pitching: LHP Tony Salazar
|
|
|
Batting: RHB Rob Colley
|
0-0: Called Strike 0-1: Swinging Strike 0-2: Ground out U3 (Groundball, 3, EV 76.9 MPH)
|
|
Batting: LHB Tomohiro Yokoyama
|
0-0: Swinging Strike 0-1: Ball 1-1: Swinging Strike 1-2: Foul Ball, location: 2F 1-2: Ground out 4-3 (Groundball, 4, EV 90.6 MPH)
|
|
Batting: RHB Gilberto Victoria
|
0-0: Foul Ball, location: 2F 0-1: Ground out 6-3 (Groundball, 6, EV 81.9 MPH)
|
| Bottom of the 6th over - 0 runs, 0 hits, 0 errors, 0 left on base; Helena 33 - Bristol 4 |
| TOP OF THE 7TH |
|
Helena Brewers batting - Pitching for Bristol Pirates : LHP Hujime Ishida
|
|
Batting: RHB Nick Cummings
|
0-0: Ground out 6-3 (Groundball, 6, EV 93.1 MPH)
|
|
Batting: RHB Josh Nelson
|
0-0: Ball 1-0: Ball 2-0: Ball 3-0: Called Strike 3-1: Foul Ball, location: 2F 3-2: Foul Ball, location: 2F 3-2: Base on Balls
|
|
Batting: LHB Pablo Cardona
|
0-0: Ground out 6-3 (Groundball, 6S, EV 69.4 MPH) Josh Nelson to second
|
|
Batting: RHB Juan Villanueva
|
0-0: Foul Ball, location: 2F 0-1: Ball 1-1: Called Strike 1-2: Strikes out swinging
|
| Top of the 7th over - 0 runs, 0 hits, 0 errors, 1 left on base; Helena 33 - Bristol 4 |
| BOTTOM OF THE 7TH |
|
Bristol Pirates batting - Pitching for Helena Brewers : LHP Tony Salazar
|
|
Batting: RHB Perry Dominey
|
0-0: Ball 1-0: Called Strike 1-1: SINGLE (Line Drive, 89S, EV 91.9 MPH)
|
|
Batting: RHB Pete Hutton
|
0-0: SINGLE (Groundball, 34, EV 104.4 MPH) Perry Dominey to second
|
|
Batting: RHB Jaime Dubicki
|
0-0: Called Strike 0-1: Ball 1-1: Ball 2-1: Called Strike 2-2: Foul Ball, location: 2F 2-2: Foul Ball, location: 2F 2-2: Strikes out swinging
|
|
Batting: LHB Joe Wise
|
0-0: Called Strike 0-1: Swinging Strike 0-2: Strikes out swinging
|
|
Batting: LHB Ruben Garza
|
0-0: Ball 1-0: Swinging Strike 1-1: Ball 2-1: Foul Ball, location: 2F 2-2: Strikes out swinging
|
| Bottom of the 7th over - 0 runs, 2 hits, 0 errors, 2 left on base; Helena 33 - Bristol 4 |
| TOP OF THE 8TH |
|
Helena Brewers batting - Pitching for Bristol Pirates : LHP Hujime Ishida
|
|
Pinch Hitting: RHB Brad Wren
|
0-0: Swinging Strike 0-1: Fly out, F8 (Flyball, 8LXD, EV 95.6 MPH)
|
|
Batting: LHB Umar Matoub
|
0-0: Swinging Strike 0-1: SINGLE (Groundball, 34D, EV 101.2 MPH)
|
|
Batting: SHB Sam Bingham
|
0-0: Ball 1-0: Grounds into double play, 6-4-3 (Groundball, 6S, EV 86.9 MPH)
|
| Top of the 8th over - 0 runs, 1 hit, 0 errors, 0 left on base; Helena 33 - Bristol 4 |
| BOTTOM OF THE 8TH |
|
Bristol Pirates batting - Pitching for Helena Brewers : LHP Tony Salazar
|
|
Now at 3B: Brad Wren
|
|
|
Batting: RHB Andrew DeRicco
|
0-0: Fly out, F7 (Flyball, 7LM, EV 91.2 MPH)
|
|
Batting: RHB Rob Colley
|
0-0: Called Strike 0-1: Ball 1-1: Swinging Strike 1-2: Ball 2-2: Ball 3-2: Foul Ball, location: 2F 3-2: Foul Ball, location: 2F 3-2: Foul Ball, location: 2F 3-2: Strikes out swinging
|
|
Batting: LHB Tomohiro Yokoyama
|
0-0: Ground out 1-3 (Groundball, 13S, EV 63.8 MPH)
|
| Bottom of the 8th over - 0 runs, 0 hits, 0 errors, 0 left on base; Helena 33 - Bristol 4 |
| TOP OF THE 9TH |
|
Helena Brewers batting - Pitching for Bristol Pirates : LHP Hujime Ishida
|
|
Batting: RHB Cameron Rattenbury
|
0-0: Ball 1-0: Swinging Strike 1-1: Ball 2-1: Foul Ball, location: 2F 2-2: Ball 3-2: Base on Balls
|
|
Batting: RHB Chris Fruit
|
0-0: Ball 1-0: Ball 2-0: Called Strike 2-1: Ball 3-1: Base on Balls Cameron Rattenbury to second
|
|
Batting: RHB Nick Cummings
|
0-0: Ball 1-0: Ball 2-0: Ball 3-0: Called Strike 3-1: Foul Ball, location: 2F 3-2: Base on Balls Cameron Rattenbury to third Chris Fruit to second
|
|
Batting: RHB Josh Nelson
|
0-0: Ball 1-0: Ball 2-0: Ball 3-0: Base on Balls Cameron Rattenbury scores Chris Fruit to third Nick Cummings to second
|
|
Batting: LHB Pablo Cardona
|
0-0: Ball 1-0: Ball 2-0: Swinging Strike 2-1: Called Strike 2-2: Ball 3-2: Strikes out swinging
|
|
Batting: RHB Juan Villanueva
|
0-0: Ball 1-0: Ball 2-0: Fielders Choice at 2nd, 3-6 (Groundball, 34S, EV 83.8 MPH) Chris Fruit scores Nick Cummings to third
|
|
Batting: RHB Brad Wren
|
0-0: Called Strike 0-1: Foul Ball, location: 2F 0-2: Ball Wild Pitch! Nick Cummings scores Juan Villanueva to second 1-2: Foul Ball, location: 2F 1-2: 2-RUN HOME RUN (Flyball, 7D, EV 104.4 MPH), Distance : 389 ft
|
|
Batting: LHB Umar Matoub
|
0-0: Ball 1-0: SINGLE (Groundball, 6M, EV 96.2 MPH)
|
|
Batting: SHB Sam Bingham
|
0-0: Fly out, F8 (Flyball, 8LS, EV 80.0 MPH)
|
| Top of the 9th over - 5 runs, 2 hits, 0 errors, 1 left on base; Helena 38 - Bristol 4 |
| BOTTOM OF THE 9TH |
|
Bristol Pirates batting - Pitching for Helena Brewers : LHP Tony Salazar
|
|
Pitching: RHP Sho Sekine
|
|
|
Batting: RHB Gilberto Victoria
|
0-0: Called Strike 0-1: Ball 1-1: Called Strike 1-2: Ball 2-2: Strikes out swinging
|
|
Batting: RHB Perry Dominey
|
0-0: Called Strike 0-1: Ball 1-1: Foul Ball, location: 2F 1-2: Strikes out swinging
|
|
Batting: RHB Pete Hutton
|
0-0: Called Strike 0-1: Foul Ball, location: 2F 0-2: Ground out 3-1 (Groundball, 34, EV 83.1 MPH)
|
| Bottom of the 9th over - 0 runs, 0 hits, 0 errors, 0 left on base; Helena 38 - Bristol 4 |
|